 Dungeon Crawl Stone Soup version 0.12.1-11-g970af5d (console) character file.

10089 elliott the Grappler (level 11, 0/94 HPs)
             Began as a Troll Healer on May 11, 2013.
             Was a Believer of Ashenzari.
             Succumbed to a yellow wasp's poison
             ... on Level 11 of the Dungeon.
             The game lasted 00:40:36 (8179 turns).

elliott the Grappler (Troll Healer)                 Turns: 8179, Time: 00:40:36

HP   0/94        AC 10     Str 22      XL: 11   Next: 23%
MP   1/11        EV 10     Int  8      God: Ashenzari [**....]
Gold 592         SH  0     Dex 14      Spells:  0 memorised, 10 levels left

Res.Fire  : + . .   See Invis. : .   a - +3,+2 scythe (vamp) (curse)
Res.Cold  : . . .   Warding    : .   K - +2 elf robe {rF+} (curse)
Life Prot.: . . .   Conserve   : .   (shield restricted)
Res.Poison: .       Res.Corr.  : .   (helmet restricted)
Res.Elec. : .       Clarity    : .   y - +2 dwarf cloak (curse)
Sust.Abil.: . .     Spirit.Shd : +   (gloves unavailable)
Res.Mut.  : .       Stasis     : .   (boots unavailable)
Res.Rott. : .       Ctrl.Telep.: .   L - amulet of guardian spirit
Gourmand  : +       Flight     : .   l - ring of regeneration
                                     N - +2 ring of dexterity

@: mildly poisoned, slowed, very slow, somewhat resistant to hostile
enchantments, unstealthy
A: unfitting armour, claws 3, fast metabolism 3, gourmand, regeneration 2,
saprovore 2, tough skin 2, AC +1
a: Renounce Religion


You were on level 11 of the Dungeon.
You worshipped Ashenzari.
Ashenzari was most pleased with you.
You were not hungry.

You visited 1 branch of the dungeon, and saw 12 of its levels.

You collected 576 gold pieces.
You spent 84 gold pieces at shops.

Inventory:

Hand weapons
 a - a cursed +3,+2 vampiric scythe (weapon)
 J - the +3,+0 trident "Qeludwif" {slay drac, *Tele Int+2 Stlth++}
   (You found it on level 6 of the Dungeon)

   This legendary weapon is deadly to all dragonkind.
   It also provides some protection from the breath attacks of dragons and other
   creatures.
   It affects your intelligence (+2).
   It causes teleportation.
   It makes you much more stealthy.
Missiles
 g - 7 steel sling bullets
 m - 5 needles of paralysis
 t - 85 stones (quivered)
 F - 14 sling bullets
 Q - 17 sling bullets of flame
Armour
 y - a cursed +2 dwarven cloak (worn)
 K - a cursed +2 elven robe of fire resistance (worn)
Magical devices
 c - a wand of paralysis (15) {unknown}
 q - a wand of cold (0)
 s - a wand of enslavement (9) {unknown}
 z - a wand of cold (6)
 R - a wand of disintegration (9)
 V - a wand of digging (6)
Comestibles
 d - 5 meat rations
 i - an apple
 k - 2 rambutans
 o - 16 strawberries
 v - a lemon
 w - a pear
 C - 3 bread rations
 O - a lychee
 W - 16 apricots
 Z - 18 grapes
Scrolls
 e - 2 scrolls of remove curse
 p - a scroll of recharging {unknown}
 B - a scroll of fog
 H - 3 scrolls of teleportation
 Y - 3 scrolls of curse armour
Jewellery
 l - a ring of regeneration (right claw)
 n - an uncursed ring of fire
 u - an uncursed ring of magical power
 D - an uncursed ring of poison resistance
 I - an uncursed amulet of resist corrosion
 L - an amulet of guardian spirit (around neck)
 M - an uncursed ring of flight
 N - a +2 ring of dexterity (left claw)
 P - an uncursed ring of life protection {unknown}
 T - an uncursed ring of protection from fire {unknown}
 U - an uncursed ring of see invisible {unknown}
Potions
 b - 5 potions of curing
 f - a potion of flight
 h - 3 potions of restore abilities
 j - a potion of magic
 r - a potion of berserk rage {unknown}
 x - 2 potions of speed {unknown}
 A - a potion of slowing {unknown}
Books
 S - a book of Callings

   Spells                             Type                      Level
   Summon Small Mammals               Summoning                    1
   Call Imp                           Summoning                    2
   Call Canine Familiar               Summoning                    3
   Summon Scorpions                   Summoning/Poison             4
   Summon Ice Beast                   Ice/Summoning                4
 X - a book of Frost

   Spells                             Type                      Level
   Freeze                             Ice                          1
   Throw Frost                        Conjuration/Ice              2
   Ozocubu's Armour                   Charms/Ice                   3
   Throw Icicle                       Conjuration/Ice              4
   Summon Ice Beast                   Ice/Summoning                4
   Condensation Shield                Ice                          4


   Skills:
 - Level 1.5 Fighting
 + Level 10.7(13.5) Polearms
 - Level 1.5(2.6) Dodging
 - Level 12.0 Unarmed Combat
   Level 3.2 Invocations


You had 10 spell levels left.
You didn't know any spells.

Dungeon Overview and Level Annotations

Branches:
Dungeon (12/27)               Orc (0/4) D:6
 Temple: D:4-7         Lair: D:8-13

Altars:
Ashenzari
Elyvilon
Fedhas
Kikubaaqudgha
Makhleb
Nemelex Xobeh
Okawaru
Trog
Vehumet
Yredelemnul
Zin
the Shining One

Shops:
D:4: *

Annotations
D:9 exclusion: oklob plant


Innate Abilities, Weirdness & Mutations

You are too large for most types of armour.
You have claws for hands.
Your metabolism is lightning-fast.
You like to eat raw meat.
You heal very quickly.
You can eat rotten meat.
You are covered in fur (AC +1).
You have very tough skin (AC +2).


Message History

You miss the yellow wasp.
The yellow wasp is almost dead.
The yellow wasp stings you!
* * * LOW HITPOINT WARNING * * *
You are more poisoned.
You feel as though you will be slow longer.
The yellow wasp stings you but does no damage.
The yellow wasp completely misses you.
You closely miss the yellow wasp.
The yellow wasp is almost dead.
* * * LOW HITPOINT WARNING * * *
You feel sick.
You feel a little better. The yellow wasp closely misses you.
The yellow wasp stings you!
* * * LOW HITPOINT WARNING * * *
You feel as though you will be slow longer.
You barely miss the yellow wasp.
The yellow wasp is almost dead.
You die...

.# #########.......# #.#.###.# .#
#............#..# #.#.....# .#
#.######.....#..#####.####### .#
#.# #..##.#..#............ .# #.#
#..##.#..#.###.####### .# #.#
#........#.....# # .# #.#
#........############# .####.#
#..................... ......#
#..##@#'############## #######
#...y.........#
############.............########
.........................'.......
####.....................#..#####
##.######+#...........#..# #
####....................#..# #
#..'....................#..#####
#.##.........##.#########......#


You could see a yellow wasp.

Vanquished Creatures
  An unseen horror (D:11)
  A hill giant (D:11)
  A griffon zombie (D:11)
  A two-headed ogre (D:11)
  A deep dwarf artificer (D:9)
  A troll (D:11)
  A wraith (D:11)
  Eustachio (D:6)
  20 yaks
  2 hippogriffs
  2 cyclops zombies
  A manticore (D:8)
  A yellow wasp (D:9)
  2 ice beasts
  A centaur (D:9)
  6 orc warriors
  2 phantoms
  A sky beast (D:9)
  6 ogres
  A hippogriff skeleton (D:5)
  Sigmund (D:2)
  Duvessa (D:7)
  6 giant frogs
  5 crimson imps
  A shadow (D:9)
  A goliath beetle (D:8)
  Dowan (D:7)
  2 big fish (D:9)
  2 hounds
  Crazy Yiuf (D:5)
  2 orc priests
  2 scorpions
  14 orc wizards
  12 worker ants
  An iguana (D:5)
  2 jellies
  A goliath beetle zombie (D:5)
  8 adders
  An iguana zombie (D:7)
  2 giant mites
  An inept item mimic (D:6)
  2 worms
  5 grey rats
  2 giant eyeballs (D:6)
  59 orcs
  12 bats
  4 giant cockroaches
  7 goblins
  9 hobgoblins
  9 jackals
  4 quokkas
  3 giant geckos
  6 giant newts
  8 kobolds
  5 rats
255 creatures vanquished.

Vanquished Creatures (others)
  A centaur (D:5)
  An adder (D:8)
  A human (D:5)
  A giant eyeball (D:5)
  3 fungi (D:9)
  10 plants (D:9)
17 creatures vanquished.

Grand Total: 272 creatures vanquished

Notes
Turn   | Place    | Note
--------------------------------------------------------------
     0 | D:1      | elliott, the Troll Healer, began the quest for the Orb.
     0 | D:1      | Reached XP level 1. HP: 20/20 MP: 2/2
    52 | D:1      | Reached skill level 1 in Unarmed Combat
    52 | D:1      | Reached XP level 2. HP: 28/28 MP: 3/3
   623 | D:2      | Found a radiant altar of Vehumet.
   624 | D:2      | Noticed Sigmund
   626 | D:2      | hi
   651 | D:2      | Killed Sigmund
   651 | D:2      | Reached skill level 4 in Unarmed Combat
   651 | D:2      | Reached XP level 3. HP: 13/35 MP: 4/4
   651 | D:2      | Reached XP level 4. HP: 15/42 MP: 5/5
   652 | D:2      | optimal
   740 | D:2      | Found an ancient bone altar of Kikubaaqudgha.
   885 | D:2      | Found a burning altar of Makhleb.
   954 | D:2      | Reached XP level 5. HP: 39/49 MP: 5/5
  1136 | D:3      | Reached skill level 5 in Unarmed Combat
  1401 | D:4      | Found Jawymugu's Assorted Antiques.
  1405 | D:4      | Bought a potion of curing for 42 gold pieces
  1405 | D:4      | Bought a scroll of identify for 42 gold pieces
  1567 | D:4      | Reached XP level 6. HP: 47/58 MP: 7/7
  1619 | D:4      | Reached skill level 6 in Unarmed Combat
  1982 | D:5      | Entered Level 5 of the Dungeon
  1996 | D:5      | Found a basalt altar of Yredelemnul.
  2001 | D:5      | oh
  2001 | D:5      | lame, imo
  2046 | D:5      | Paralysed by a giant eyeball for 2 turns
  2060 | D:5      | ty
  2097 | D:5      | Reached skill level 7 in Unarmed Combat
  2227 | D:5      | Reached XP level 7. HP: 65/65 MP: 7/7
  2357 | D:5      | Found a glowing silver altar of Zin.
  2423 | D:6      | Got a twisted trident
  2489 | D:6      | Noticed a yak
  2489 | D:6      | Noticed a yak
  2521 | D:5      | Killed a yak
  2521 | D:5      | Reached skill level 8 in Unarmed Combat
  2527 | D:5      | Killed a yak
  2550 | D:5      | Noticed Crazy Yiuf
  2553 | D:5      | oh well
  2554 | D:5      | Killed Crazy Yiuf
  2658 | D:6      | Reached skill level 9 in Unarmed Combat
  2668 | D:5      | Reached XP level 8. HP: 66/72 MP: 8/8
  2863 | D:6      | Noticed Eustachio
  2864 | D:6      | um nice
  2908 | D:6      | Paralysed by a giant eyeball for 4 turns
  2932 | D:6      | Identified the +3,+0 trident "Qeludwif" {slay drac, *Tele Int+2 Stlth++} (You found it on level 6 of the Dungeon)
  3033 | D:6      | Killed Eustachio
  3148 | D:6      | Found a staircase to the Orcish Mines.
  3253 | D:6      | Reached skill level 10 in Unarmed Combat
  3348 | D:6      | Noticed a yak
  3349 | D:6      | Noticed a yak
  3351 | D:6      | Noticed a yak
  3377 | D:6      | Killed a yak
  3383 | D:6      | Killed a yak
  3411 | D:6      | Killed a yak
  3411 | D:6      | Reached XP level 9. HP: 75/79 MP: 9/9
  3547 | D:6      | Found a glowing golden altar of the Shining One.
  3697 | D:6      | Found an iron altar of Okawaru.
  3769 | D:7      | Noticed Duvessa
  3770 | D:7      | Noticed Dowan
  3777 | D:7      | Reached skill level 11 in Unarmed Combat
  3778 | D:7      | probably i should take this game more seriously than i am
  3783 | D:7      | Killed Duvessa
  3872 | D:7      | Killed Dowan
  3993 | D:7      | >lkk:lsdkjfksljgf;lghk;g
  4239 | D:7      | ew
  4414 | D:7      | Reached skill level 12 in Unarmed Combat
  4433 | D:7      | Found a shattered altar of Ashenzari.
  4442 | D:7      | Fell from the grace of Elyvilon
  4442 | D:7      | Became a worshipper of Ashenzari the Shackled
  4711 | D:8      | Reached skill level 1 in Polearms
  4972 | D:8      | dsjfdsofj
  5401 | D:9      | i should be using tactics
  5551 | D:9      | everything is awful
  5587 | D:9      | osdigj
  5597 | D:9      | Found a sparkling altar of Nemelex Xobeh.
  5625 | D:9      | nooodl: happy birthy
  5625 | D:9      | ASfdgjkl
  5686 | D:9      | Reached XP level 10. HP: 87/87 MP: 10/10
  5762 | D:9      | Reached skill level 5 in Polearms
  5815 | D:9      | Found a white marble altar of Elyvilon.
  5821 | D:9      | Found a bloodstained altar of Trog.
  6056 | D:9      | why do you exist
  6369 | D:9      | so many strats
  6673 | D:9      | Found a blossoming altar of Fedhas.
  6711 | D:9      | Noticed an oklob plant
  6823 | D:10     | Entered Level 10 of the Dungeon
  6891 | D:10     | Noticed a hill giant
  7064 | D:10     | um lol
  7064 | D:10     | Paralysed by a giant eyeball for 2 turns
  7067 | D:10     | Paralysed by a giant eyeball for 4 turns
  7147 | D:11     | aw
  7321 | D:11     | Noticed a hill giant
  7333 | D:11     | Killed a hill giant
  7454 | D:11     | Reached XP level 11. HP: 70/94 MP: 6/11
  7568 | D:11     | Killed an unseen horror
  7568 | D:11     | Reached skill level 10 in Polearms
  7668 | D:11     | Acquired Ashenzari's first power
  8176 | D:11     | Paralysed by a yellow wasp for 1 turns
  8178 | D:11     | HP: 1/94 [yellow wasp (11)]
  8179 | D:11     | Succumbed to a yellow wasp's poison

Action                   |  1- 3 |  4- 6 |  7- 9 | 10-12 || total
-------------------------+-------+-------+-------+-------++-------
Melee: Unarmed           |    59 |   178 |   416 |    15 ||   668
       Scythe            |       |       |       |   378 ||   378
Invok: Lesser Healing    |     6 |     5 |       |       ||    11
       Lesser Self-Heali |       |     1 |     2 |       ||     3
 Abil: Evoke Flight      |       |       |     1 |       ||     1
Evoke: Wand              |       |       |     3 |     4 ||     7
  Use: Scroll            |     8 |     8 |    11 |     4 ||    31
       Potion            |     3 |       |       |     5 ||     8
 Stab: Sleeping          |       |     1 |     1 |       ||     2
